 Dungeon Crawl Stone Soup version 0.30.1-4-g462c640d31 (webtiles) character file.

Game seed: 10800852223530190697

558 anacleto the Cudgeller (level 7, -1/67 HPs)
             Began as a Troll Gladiator on Sept 4, 2023.
             Slain by a water moccasin (6 damage)
             ... on level 5 of the Dungeon.
             The game lasted 00:09:42 (4437 turns).

anacleto the Cudgeller (Troll Gladiator)            Turns: 4437, Time: 00:09:43

Health: -1/67      AC:  4    Str: 27    XL:     7   Next: 9%
Magic:  6/6        EV: 10    Int:  4    God:
Gold:   233        SH:  0    Dex: 11    Spells: 6/6 levels left

rFire   . . .        a - +0 flail
rCold   . . .        (no shield)
rNeg    . . .        w - +0 robe of Qeqasueh {*Slow Regen+ Str+2 Archmagi}
rPois   .            c - +0 hat
rElec   .            (no cloak)
rCorr   .            (gloves unavailable)
SInv    .            (boots unavailable)
Will    .....        (no amulet)
Stlth   +            (no ring)
HPRegen 1.91/turn    (no ring)
MPRegen 0.10/turn

%: slow self (1%), archmagi
@: lethally poisoned (-1 -> -4), about to teleport
A: large, unfitting armour, claws 3, regeneration 1, shaggy fur 1, tough skin 1
a: no special abilities


You were on level 5 of the Dungeon.
You visited 1 branch of the dungeon, and saw 5 of its levels.

You collected 233 gold pieces.

Inventory:

Hand Weapons
 a - a +0 flail (weapon)
Missiles
 d - 2 throwing nets
 e - a large rock
 y - 3 boomerangs (quivered)
 C - 3 curare-tipped darts
 D - 2 javelins
Armour
 b - a +0 robe
 c - a +0 hat (worn)
 w - the +0 robe of Qeqasueh (worn) {*Slow Regen+ Str+2 Archmagi}
   (You found it on level 3 of the Dungeon)

   Str:       It affects your strength (+2).
   Regen:     It increases your rate of health regeneration.
   *Slow:     It may slow you when you take damage.
   Archmagi:  It increases the power of your magical spells.
Jewellery
 n - a +6 ring of strength
Wands
 v - a wand of iceblast (10)
Scrolls
 f - a scroll of brand weapon {unknown}
 g - 2 scrolls of amnesia {unknown}
 h - 2 scrolls of enchant weapon {unknown}
 j - a scroll of blinking {unknown}
 k - 2 scrolls of vulnerability {unknown}
 l - 2 scrolls of identify {unknown}
 m - 3 scrolls of fog {unknown}
 o - 4 scrolls of teleportation
 s - 3 scrolls of noise {unknown}
 t - a scroll of poison {unknown}
 u - a scroll of enchant armour {unknown}
 A - a scroll of magic mapping {unknown}
 B - a scroll of acquirement {unknown}
Potions
 i - a potion of might {unknown}
 p - 2 potions of attraction {unknown}
 q - 2 potions of curing {unknown}
 r - 2 potions of degeneration {unknown}
 x - 2 potions of heal wounds {unknown}
 z - a potion of mutation {unknown}
 E - a potion of flight {unknown}


   Skills:
 + Level 3.1 Fighting
 * Level 5.1 Maces & Flails
 * Level 4.6 Throwing
 - Level 2.4 Dodging


You had 6 spell levels left.
You didn't know any spells.
Your spell library contained the following spells:

 Spells                   Type           Power      Damage    Failure   Level
 Blink                    Tloc           0%         N/A       65%         2
 Lesser Beckoning         Tloc           0%         N/A       65%         2
 Momentum Strike          Conj/Tloc      0%         3d8       65%         2


Dungeon Overview and Level Annotations

Branches:
Dungeon (5/15)
 Temple: D:4-7

Altars:
Hepliaklqana
Kikubaaqudgha


Innate Abilities, Weirdness & Mutations

You are too large for most types of armour.
You have claws for hands.
Your natural rate of healing is unusually fast.
You are covered in fur. (AC +1)
You have tough skin. (AC +1)


Message History

You feel very sick.
You feel very sick. The ufetubus barely misses you. x2
The ufetubus attacks as you move away! The ufetubus hits you.
The ufetubus completely misses you.
You feel very sick. The water moccasin bites you.
You feel sick. The ufetubus hits you. The ufetubus barely misses you.
The ufetubus attacks as you move away! The ufetubus barely misses you.
The ufetubus hits you but does no damage.
You feel sick.
The water moccasin completely misses you.
You feel sick.
The water moccasin bites you but does no damage.
The ufetubus hits you. x2
The water moccasin attacks as you move away!
The water moccasin bites you but does no damage.
The ufetubus attacks as you move away! The ufetubus hits you.
The ufetubus closely misses you.
You feel sick.
The water moccasin attacks as you move away!
The water moccasin bites you.
* * * LOW HITPOINT WARNING * * *
You feel sick. The ufetubus hits you.
* * * LOW HITPOINT WARNING * * *
The ufetubus closely misses you. The water moccasin closely misses you.
As you read the scroll of teleportation, it crumbles to dust.
You feel strangely unstable.
You feel sick. The ufetubus closely misses you. x2
The water moccasin bites you.
* * * LOW HITPOINT WARNING * * *
You are more poisoned.
The water moccasin poisons you! The ufetubus attacks as you move away!
The ufetubus hits you but does no damage. x2
The water moccasin attacks as you move away!
The water moccasin bites you.
* * * LOW HITPOINT WARNING * * *
x2 You feel very sick.
The ufetubus closely misses you. The ufetubus barely misses you.
The water moccasin bites you.
You die...

.#..#............#
................. #..
#................ # ..# .....
.............##. .#.# .....
.....#........## .#.###....#
.............o.## ... ......
.....#..........## ##.##......
...............5.###..#.......
#..........#.##S@.............
#...........#####...#......#.
...........######...##<...##
...................###...##
.........#....###....#...#
.........#....###.......##
..........#...##.......##
..#.......##..#........#
###........>....#......#


You could see a water moccasin, an orc and an ufetubus.

Vanquished Creatures
  An ogre (D:4)
  A phantom (D:4)
  2 scorpions
  A hound (D:3)
  2 iguanas
  A gnoll bouda (D:4)
  5 adders
  4 gnolls
  A worm (D:4)
  3 dart slugs
  5 orcs
  5 bats
  3 endoplasms
  3 giant cockroaches
  5 goblins
  12 hobgoblins
  4 jackals
  4 quokkas
  5 ball pythons
  A frilled lizard (D:3)
  5 kobolds
  A rat (D:1)
74 creatures vanquished.

Notes
Turn   | Place    | Note
-------+----------+-------------------------------------------
     0 | D:1      | anacleto the Troll Gladiator began the quest for the Orb.
     0 | D:1      | Reached XP level 1. HP: 19/19 MP: 0/0
   121 | D:1      | Reached XP level 2. HP: 25/28 MP: 1/1
   185 | D:1      | Reached skill level 3 in Maces & Flails
   919 | D:2      | Found a hazy altar of Hepliaklqana.
  1095 | D:2      | Reached XP level 3. HP: 35/35 MP: 2/2
  1699 | D:3      | Identified the +4 dagger "Baanucw" {venom, *Noise rCorr
                  | Str+4}
  1941 | D:3      | Identified the +0 robe of Qeqasueh {*Slow Regen+ Str+2
                  | Archmagi}
  2444 | D:3      | Reached XP level 4. HP: 34/42 MP: 3/3
  2900 | D:3      | Reached XP level 5. HP: 48/50 MP: 4/4
  3038 | D:3      | Reached skill level 4 in Maces & Flails
  3347 | D:4      | Noticed a phantom
  3487 | D:4      | Killed a phantom
  3488 | D:4      | Reached XP level 6. HP: 51/59 MP: 5/5
  4015 | D:4      | Found Fidociqu's General Store.
  4031 | D:4      | Found an ancient bone altar of Kikubaaqudgha.
  4107 | D:4      | Reached skill level 5 in Maces & Flails
  4245 | D:5      | Entered Level 5 of the Dungeon
  4374 | D:5      | Reached XP level 7. HP: 30/67 MP: 6/6
  4437 | D:5      | Slain by a water moccasin

Illustrated notes

Levels and vault maps discovered:
D:1:      eino_arrival_tree_alley, layout_loops_ring, minmay_tromino_v2
D:2:      layout_loops_corners, basic_altar
D:3:      layout_loops_ring, corexii_leaking_fountain, amethyst_killhole,
          kennysheep_big_empty_room, kennysheep_cross_room, grunt_ministairs_5
D:4:      nicolae_BIG_FREAKIN_CUBE, layout_gridville,
          mainiacjoe_overflow_24_doors, serial_shops, shop
D:5:      layout_cave_pools, mainiacjoe_overflow_swirl, trog_antimagical,
          ebering_dispersal_statue_hall

Skill      XL: |  1  2  3  4  5  6 |
---------------+-------------------+-----
Throwing       | 2 3 4 |  4.6
Maces & Flails | 3 4 5 |  5.1
Fighting       | 2 3 |  3.1
Dodging        | |  2.4

Action                     |  1- 3 |  4- 6 |  7- 9 || total
---------------------------+-------+-------+-------++-------
  Melee: Flail             |   138 |   169 |       ||   307
  Throw: Throwing net      |     2 |     1 |       ||     3
         Boomerang         |       |     2 |       ||     2
    Use: Scroll            |       |     1 |     1 ||     2
   Stab: Sleeping          |     1 |       |       ||     1
 Armour: Robe              |    50 |    65 |     9 ||   124
  Dodge: Dodged            |    78 |   126 |    25 ||   229
